 Dungeon Crawl Stone Soup version 0.30-a0-696-g2367cd04db (webtiles) character file.

Game seed: 3617324037264744586

131259 lessens the Fencer (level 17, -13/140 HPs)
             Began as a Formicid Brigand on Jan 20, 2023.
             Was the Champion of Okawaru.
             Mangled by a mana viper (14 damage)
             ... led by a naga ritualist
             ... on level 3 of the Snake Pit.
             The game lasted 01:15:22 (38943 turns).

lessens the Fencer (Formicid Brigand)              Turns: 38943, Time: 01:15:22

Health: -13/140    AC: 27    Str: 26    XL:     17   Next: 66%
Magic:  0/23       EV: 10    Int: 12    God:    Okawaru [******]
Gold:   2769       SH:  0    Dex: 21    Spells: 16/16 levels left

rFire   + . .      SeeInvis +    Q - +10 triple sword
rCold   + . .      Faith    .    (no shield)
rNeg    . . .      Spirit   +    R - +6 chain mail "Myoped" {rElec rC+}
rPois   +          Reflect  .    (helmet unavailable)
rElec   +          Harm     .    P - +1 cloak {rPois}
rCorr   .          Rampage  ∞    t - +0 pair of gloves
Will    ++...                    c - +3 pair of seven-league boots {Rampage+∞} Stlth
                                 s - amulet of guardian spirit
HPRegen 0.43/turn                v - +6 ring of dexterity
MPRegen 0.18/turn                K - ring of Ediocufu {rF+ Will+ Str+3 Slay+2}

@: marked, constricted
A: permanent stasis, dig shafts and tunnels, antennae 3, four strong arms
a: Dig, Shaft Self, Renounce Religion, Heroism, Finesse, Duel


You were on level 3 of the Snake Pit.
You worshipped Okawaru.
Okawaru was exalted by your worship.
You visited 5 branches of the dungeon, and saw 26 of its levels.
You also visited: Bailey.

You collected 3023 gold pieces.
You spent 254 gold pieces at shops.

Inventory:

Hand Weapons
 b - the +5 dagger of Satyriasis {venom, rCorr}
   (You bought it in a shop on level 2 of the Orcish Mines)

   rCorr:     It protects you from acid and corrosion.
 Q - a +10 triple sword (weapon)
Missiles
 e - 10 curare-tipped darts (quivered)
 n - 167 stones
 w - 2 throwing nets
Armour
 c - the +3 pair of seven-league boots (worn) {Rampage+∞}
   (Okawaru gifted it to you on level 4 of the Lair of Beasts)

   Rampage+∞: When moving toward enemies, its wearer moves as far as possible.
 t - a +0 pair of gloves (worn)
 P - a +1 cloak of poison resistance (worn)
 R - the +6 chain mail "Myoped" (worn) {rElec rC+}
   (Okawaru gifted it to you on level 10 of the Dungeon)

   rC:        It protects you from cold.
   rElec:     It insulates you from electricity.
Jewellery
 i - a ring of wizardry
 j - a ring of positive energy
 m - a ring of protection from cold
 s - an amulet of guardian spirit (around neck)
 v - a +6 ring of dexterity (left hand)
 x - a ring of protection from fire
 G - a ring of poison resistance
 K - the ring of Ediocufu (right hand) {rF+ Will+ Str+3 Slay+2}
   (You found it on level 7 of the Dungeon)

   [ring of willpower]

   Str:       It affects your strength (+3).
   Slay:      It affects your accuracy & damage with ranged weapons and melee
   (+2).
   rF:        It protects you from fire.
   Will:      It increases your willpower.
 U - a ring of resist corrosion
 Y - a ring of flight
Wands
 q - a wand of iceblast (16)
 B - a wand of mindburst (37)
 I - a wand of digging (5)
 L - a wand of light (11)
 V - a wand of flame (13)
Scrolls
 f - 2 scrolls of fog
 k - 3 scrolls of vulnerability
 y - 4 scrolls of identify
 z - a scroll of butterflies
 C - 3 scrolls of poison
 D - 5 scrolls of magic mapping
 F - 5 scrolls of enchant armour
 H - 6 scrolls of fear
 M - 4 scrolls of enchant weapon
 X - a scroll of torment
 Z - a scroll of silence
Potions
 g - 8 potions of lignification
 l - 4 potions of attraction
 p - 5 potions of magic
 r - a potion of flight
 u - 2 potions of brilliance
 A - 4 potions of cancellation
 E - 2 potions of ambrosia
 J - a potion of invisibility
 N - 3 potions of heal wounds
 O - 3 potions of mutation
 S - 2 potions of might
 T - 9 potions of curing
 W - a potion of resistance


   Skills:
 - Level 14.8 Fighting
 - Level 10.0(16.5) Short Blades
 + Level 20.6(21.3) Long Blades
 - Level 2.0 Throwing
 - Level 12.1 Armour
 - Level 7.0 Dodging
 - Level 4.8 Stealth
 - Level 8.2 Invocations


You had 16 spell levels left.
You didn't know any spells.
Your spell library contained the following spells:

 Spells                   Type           Power      Damage    Failure   Level
 Apportation              Tloc           0%         N/A       80%         1
 Beastly Appendage        Tmut           0%         N/A       80%         1
 Necrotise                Necr           0%         1d4       80%         1
 Cigotuvi's Dreadful Rot  Necr/Pois/Air  0%         N/A       91%         2
 Lesser Beckoning         Tloc           0%         N/A       91%         2
 Poisonous Vapours        Pois/Air       0%         N/A       91%         2
 Sublimation of Blood     Necr           0%         N/A       91%         2
 Wereblood                Tmut           0%         N/A       91%         2
 Gell's Gravitas          Tloc           0%         N/A       99%         3
 Ignite Poison            Fire/Tmut/Pois 0%         N/A       99%         3
 Mephitic Cloud           Conj/Pois/Air  0%         N/A       99%         3
 Ozocubu's Armour         Ice            0%         N/A       99%         3
 Portal Projectile        Hex/Tloc       0%         N/A       99%         3
 Spider Form              Tmut/Pois      0%         N/A       99%         3
 Teleport Other           Tloc           0%         N/A       99%         3
 Leda's Liquefaction      Hex/Erth       0%         N/A       100%        4
 Sticky Flame             Conj/Fire      0%         2d3       100%        4
 Blade Hands              Tmut           0%         N/A       100%        5
 Iskenderun's Battlesphe  Conj           0%         2d6       100%        5
 Iron Shot                Conj/Erth      0%         9d1       100%        6
 Ozocubu's Refrigeration  Ice            0%         4d7       100%        7
 Ignition                 Fire           0%         3d3       100%        8
 Summon Small Mammal      Summ           Unusable   N/A       N/A         1
 Call Canine Familiar     Summ           Unusable   N/A       N/A         3
 Tukima's Dance           Hex            Unusable   N/A       N/A         3
 Spellforged Servitor     Conj/Summ      Unusable   N/A       N/A         7
 Summon Hydra             Summ           Unusable   N/A       N/A         7

Dungeon Overview and Level Annotations

Branches:
Dungeon (15/15) Zot: 24930  Temple (1/1) D:6 Zot: 5954    Lair (5/5) D:8 Zot: 20286
 Shoals (0/4) Lair:3        Snake (3/4) Lair:2 Zot: 14682   Slime (0/5) Lair:4
    Orc (2/2) D:11 Zot: 8122     Elf (0/3) Orc:2        Vaults (0/5) D:13
 Depths (0/4) D:15         Bailey (visited)

Altars:
Ashenzari
Cheibriados
Elyvilon
Fedhas
Gozag
Hepliaklqana
Kikubaaqudgha
Makhleb
Nemelex Xobeh
Okawaru
Qazlal
Ru
Sif Muna
Trog
Uskayaw
Vehumet
Wu Jian
Xom
Yredelemnul
The Shining One
Jiyva

Shops:
D:4 **   D:6 ?   D:8 (   Orc:2 =*[(   Snake:2 =:=

Portals:
Trove: D:13 (give +3 fire dragon scales)

Annotations:
D:9 4 transporters
Lair:4 1 runed translucent door, exclusion: oklob plant
Orc:1 2 transporters, Xaih's ghost, journeyman MiFi


Innate Abilities, Weirdness & Mutations

You cannot be hasted, slowed, berserked, paralysed or teleported.
You can dig through walls and to a lower floor.
You have a pair of large antennae on your head. (SInv)
Your four strong arms can wield two-handed weapons with a shield.


Message History

The anaconda grabs you.
You stop ascending the stairs.
The anaconda bites you but does no damage.
The anaconda constricts you.
You escape the anaconda's grasp.
The black mamba bites you!
* * * LOW HITPOINT WARNING * * *
The black mamba closely misses you.
The mana viper bites you but does no damage.
The black mamba barely misses you. The anaconda grabs you.
You stop ascending the stairs.
The anaconda bites you but does no damage.
The anaconda constricts you. The black mamba completely misses you.
The anaconda's grasp on you weakens, but your attempt to escape fails.
The black mamba bites you!
* * * LOW HITPOINT WARNING * * *
The anaconda bites you!
* * * LOW HITPOINT WARNING * * *
The anaconda constricts you. The mana viper barely misses you.
The black mamba bites you but does no damage.
The black mamba barely misses you. The anaconda barely misses you.
The anaconda constricts you.
* * * LOW HITPOINT WARNING * * *
The mana viper barely misses you. The black mamba barely misses you.
The anaconda's grasp on you weakens, but your attempt to escape fails.
The black mamba bites you but does no damage.
The anaconda bites you.
* * * LOW HITPOINT WARNING * * *
The anaconda constricts you.
* * * LOW HITPOINT WARNING * * *
The black mamba closely misses you. The anaconda bites you.
* * * LOW HITPOINT WARNING * * *
The anaconda constricts you.
You escape the anaconda's grasp.
The black mamba barely misses you. The black mamba closely misses you.
The black mamba bites you but does no damage.
The anaconda grabs you.
You stop ascending the stairs.
The anaconda bites you.
* * * LOW HITPOINT WARNING * * *
The anaconda constricts you.
* * * LOW HITPOINT WARNING * * *
The mana viper bites you!
You die...

##### { ##SS@##
#..SSS## {
#...SS.# {
##......## .
#......).# ...
##.......##....
#..............
#.......)N.....
.......).......


You could see an anaconda, a naga ritualist, a mana viper and 5 black mambas.

Vanquished Creatures
  Saint Roka (Orc:2)
  Rupert (D:12)
  Jorgrun (Snake:1)
  Frances (D:14)
  Kirke (Lair:3)
  A nagaraja (Snake:2)
  Aizul (Snake:2)
  An orc warlord (Orc:1)
  A dire elephant (Lair:5)
  Snorg (D:13)
  Josephine (Orc:1)
  A fire dragon (Lair:5)
  6 hydras
  2 rakshasas (D:15)
  3 vault guards (D:13)
  A catoblepas (Lair:5)
  6 centaur warriors
  A death knight (D:14)
  5 two-headed ogres
  A boulder beetle (D:13)
  2 naga warriors
  6 death yaks
  2 anacondas (Snake:2)
  10 naga sharpshooters
  Urug (D:13)
  Nergalle (Lair:3)
  An orc high priest (Orc:2)
  Sonja (Lair:3)
  9 skeletal warriors (D:15)
  A fire crab (shapeshifter) (D:13)
  A glowing orange brain (D:15)
  A swamp dragon (shapeshifter) (D:15)
  A naga ritualist (Snake:2)
  A swamp dragon (Lair:5)
  2 phantasmal warriors (D:14)
  2 wizards (D:13)
  6 orc knights
  2 necromancers (D:13)
  2 deep elf pyromancers
  2 cyclopes
  5 manticores
  4 orc sorcerers
  6 mana vipers (Snake:2)
  9 ugly things
  Maurice (D:11)
  4 salamanders
  A guardian serpent (Snake:1)
  11 elephants
  15 black mambas
  4 naga magi
  4 gargoyles
  2 torpor snails
  11 cane toads
  3 kobold demonologists (D:7)
  An unseen horror (D:11)
  A rime drake (shapeshifter) (D:14)
  A freezing wraith (D:14)
  7 rime drakes
  4 komodo dragons
  A yaktaur (D:13)
  8 trolls
  A queen bee (Lair:3)
  10 polar bears
  A wind drake (shapeshifter) (D:15)
  3 raiju (Lair:5)
  5 blink frogs
  A snapping turtle (Lair:3)
  Grinder (D:5)
  6 wraiths
  25 slime creatures
  4 spriggans (Bailey)
  42 yaks
  3 shadows
  5 wyverns
  19 humans
  5 basilisks
  4 steam dragons
  16 vampire mosquitoes
  15 nagas
  6 wargs
  3 acid dragons
  16 water moccasins
  14 hell hounds (Lair:5)
  31 orc warriors
  An ice beast (D:7)
  14 black bears
  A sky beast (D:6)
  15 ogres
  21 wolves
  9 boggarts
  22 centaurs
  6 phantoms
  4 kobold brigands
  Blork the orc (D:6)
  9 bullfrogs
  2 gnoll sergeants
  7 scorpions
  2 troll zombies (D:11)
  37 killer bees
  2 jellies (D:6)
  8 electric eels
  9 howler monkeys
  3 lava snakes (Lair:2)
  13 orc priests
  7 hounds
  Crazy Yiuf (D:2)
  An iron imp (D:8)
  Jessica (D:2)
  9 iguanas
  28 orc wizards
  4 ogre zombies (D:11)
  A boggart simulacrum (D:15)
  Robin (D:2)
  10 gnolls
  8 adders
  A white imp (D:7)
  An ufetubus (D:6)
  A worm (D:3)
  3 dart slugs
  64 orcs
  6 ball pythons
  7 endoplasms
  4 giant cockroaches
  20 goblins
  8 hobgoblins
  7 jackals (D:5)
  18 kobolds
  5 quokkas
  8 bats
  2 frilled lizards (D:2)
  A goblin skeleton (D:11)
  3 goblin zombies (D:11)
  2 hobgoblin zombies (D:11)
  An orc skeleton (D:11)
  12 orc zombies (D:11)
  4 rats
865 creatures vanquished.

Vanquished Creatures (others)
  A hound (D:8)
  A white imp (D:8)
  15 fungi
  73 plants
90 creatures vanquished.

Grand Total: 955 creatures vanquished

Notes
Turn   | Place    | Note
-------+----------+-------------------------------------------
     0 | D:1      | lessens the Formicid Brigand began the quest for the Orb.
     0 | D:1      | Reached XP level 1. HP: 16/16 MP: 1/1
   120 | D:1      | Reached XP level 2. HP: 22/22 MP: 2/2
   407 | D:1      | Reached XP level 3. HP: 27/27 MP: 3/3
   908 | D:2      | Noticed Robin
  1074 | D:2      | Killed Robin
  1094 | D:2      | Reached XP level 4. HP: 24/33 MP: 4/4
  1489 | D:2      | Noticed Jessica
  1513 | D:2      | Killed Jessica
  1514 | D:2      | Reached XP level 5. HP: 19/38 MP: 5/5
  1759 | D:2      | Reached skill level 5 in Short Blades
  1765 | D:2      | Found a runed translucent door.
  1766 | D:2      | Noticed Crazy Yiuf
  1778 | D:2      | Killed Crazy Yiuf
  1960 | D:3      | You fall into a shaft and drop 2 floors!
  1960 | D:5      | Entered Level 5 of the Dungeon
  2062 | D:4      | Found Huuvesch's General Store.
  2071 | D:4      | Bought a potion of curing for 42 gold pieces
  2572 | D:3      | Found a shimmering altar of Xom.
  2572 | D:3      | Found a white marble altar of Elyvilon.
  3030 | D:4      | Noticed a phantom
  3074 | D:4      | Killed a phantom
  3075 | D:4      | Reached XP level 6. HP: 37/44 MP: 6/6
  3158 | D:4      | Found Jeot's General Store.
  3334 | D:4      | You fall into a shaft and drop 3 floors!
  3448 | D:7      | Noticed an ogre
  3461 | D:7      | Killed an ogre
  3462 | D:7      | Reached XP level 7. HP: 35/50 MP: 4/7
  3821 | D:6      | Found Xirofreu's Magic Scroll Emporium.
  4475 | D:5      | Reached XP level 8. HP: 41/56 MP: 4/8
  4882 | D:5      | Noticed Grinder
  4900 | D:5      | Killed Grinder
  5087 | D:5      | Reached skill level 10 in Short Blades
  5377 | D:6      | Reached skill level 1 in Dodging
  5436 | D:6      | Reached skill level 1 in Armour
  5565 | D:6      | Reached XP level 9. HP: 61/61 MP: 9/9
  5611 | D:6      | Found a staircase to the Ecumenical Temple.
  5618 | Temple   | Entered the Ecumenical Temple
  5653 | Temple   | Became a worshipper of Warmaster Okawaru
  5904 | D:6      | Noticed Blork the orc
  6022 | D:6      | Killed Blork the orc
  6022 | D:6      | Reached * piety under Okawaru
  6106 | D:6      | Reached skill level 1 in Invocations
  6134 | D:6      | Bought a scroll of fear for 44 gold pieces
  6791 | D:7      | Found a basalt altar of Yredelemnul.
  6791 | D:7      | Found a blossoming altar of Fedhas.
  6797 | D:7      | Found an opulent altar of Gozag.
  6802 | D:7      | Found a faded altar of an unknown god.
  6803 | D:7      | Found a broken altar of Ashenzari.
  6859 | D:7      | Noticed a kobold demonologist
  6859 | D:7      | Noticed a kobold demonologist
  6859 | D:7      | Noticed a kobold demonologist
  6859 | D:7      | Noticed a kobold demonologist
  6878 | D:7      | Noticed a red devil
  6954 | D:7      | Noticed an ice devil
  6955 | D:7      | Killed a kobold demonologist
  6955 | D:7      | Reached ** piety under Okawaru
  6956 | D:7      | Reached skill level 5 in Fighting
  7187 | D:7      | Killed a kobold demonologist
  7188 | D:7      | Reached XP level 10. HP: 76/76 MP: 12/12
  7229 | D:7      | Killed a kobold demonologist
  7462 | D:7      | Reached skill level 5 in Armour
  8295 | D:7      | Identified the ring of Ediocufu {rF+ Will+ Str+3 Slay+2}
  8675 | D:8      | Reached *** piety under Okawaru
  8840 | D:8      | Found a flagged portal.
  8856 | Bailey   | Entered a bailey
  9206 | Bailey   | Noticed a two-headed ogre
  9372 | Bailey   | Killed a two-headed ogre
  9373 | Bailey   | Reached XP level 11. HP: 83/89 MP: 14/14
  9428 | Bailey   | Reached **** piety under Okawaru
  9967 | D:8      | Found a snail-covered altar of Cheibriados.
 10041 | D:8      | Found a staircase to the Lair.
 10540 | D:8      | Reached skill level 10 in Fighting
 10697 | D:8      | Found Puschus's Weapon Boutique.
 10784 | D:8      | Received a gift from Okawaru
 10785 | D:8      | Reached skill level 5 in Invocations
 11127 | D:9      | Reached skill level 1 in Long Blades
 11165 | D:9      | Reached ***** piety under Okawaru
 11194 | D:9      | Reached skill level 2 in Long Blades
 11363 | D:9      | Found a transporter.
 11387 | D:9      | Found a transporter.
 11416 | D:9      | Found a transporter.
 11481 | D:9      | Noticed a two-headed ogre
 11500 | D:9      | Killed a two-headed ogre
 11727 | D:9      | Reached skill level 3 in Long Blades
 11813 | D:9      | Found a bloodstained altar of Trog.
 11873 | D:9      | Found a transporter.
 12154 | D:10     | Entered Level 10 of the Dungeon
 12262 | D:10     | Reached skill level 10 in Armour
 12454 | D:10     | Found a hide-covered altar of Uskayaw.
 12507 | D:10     | Identified the +6 chain mail "Myoped" {rElec rC+} (Okawaru
                  | gifted it to you on level 10 of the Dungeon)
 12507 | D:10     | Received a gift from Okawaru
 12792 | D:10     | Noticed a two-headed ogre
 12802 | D:10     | Reached skill level 4 in Long Blades
 12821 | D:10     | Killed a two-headed ogre
 13366 | D:11     | Reached XP level 12. HP: 78/97 MP: 11/15
 13473 | D:11     | Reached skill level 5 in Long Blades
 13881 | D:11     | Found a staircase to the Orcish Mines.
 13890 | D:11     | Noticed Maurice
 13918 | D:11     | Killed Maurice
 13927 | D:11     | Reached skill level 6 in Long Blades
 14210 | D:11     | Noticed a centaur warrior
 14218 | D:11     | Noticed a two-headed ogre
 14243 | D:11     | Killed a centaur warrior
 14263 | D:11     | Killed a two-headed ogre
 14372 | D:11     | Reached skill level 7 in Long Blades
 14861 | D:12     | Identified the +6 whip "Fofoc" {speed, Str+3}
 15087 | D:12     | Reached skill level 8 in Long Blades
 15259 | D:12     | Noticed Rupert
 15281 | D:12     | Killed Rupert
 15281 | D:12     | Received a gift from Okawaru
 15282 | D:12     | Reached XP level 13. HP: 51/103 MP: 7/18
 16041 | D:12     | Reached skill level 9 in Long Blades
 16481 | Lair:1   | Entered Level 1 of the Lair of Beasts
 17317 | Lair:1   | Reached skill level 5 in Dodging
 17941 | Lair:2   | Found a shimmering altar of Xom.
 17979 | Lair:2   | Reached skill level 10 in Long Blades
 18124 | Lair:2   | Noticed a six-headed hydra
 18146 | Lair:2   | Killed a seven-headed hydra
 18146 | Lair:2   | Reached ****** piety under Okawaru
 18248 | Lair:2   | Noticed an eight-headed hydra
 18279 | Lair:2   | Killed an eight-headed hydra
 18280 | Lair:2   | Identified the +1 pair of gloves of Reut {+Blink rElec
                  | Will-} (Okawaru gifted it to you on level 2 of the Lair of
                  | Beasts)
 18280 | Lair:2   | Received a gift from Okawaru
 18540 | Lair:2   | Noticed a six-headed hydra
 18583 | Lair:2   | Killed a six-headed hydra
 18714 | Lair:2   | Noticed a six-headed hydra
 18727 | Lair:2   | Killed a six-headed hydra
 19263 | Lair:2   | Found a staircase to the Snake Pit.
 19732 | Lair:3   | Reached skill level 11 in Long Blades
 19855 | Lair:3   | Noticed Kirke
 19859 | Lair:3   | Noticed Sonja
 19876 | Lair:3   | Killed Kirke
 19878 | Lair:3   | Killed Sonja
 19889 | Lair:3   | Reached XP level 14. HP: 58/111 MP: 12/20
 20329 | Lair:3   | Noticed Nergalle
 20348 | Lair:3   | Killed Nergalle
 20787 | Lair:3   | Reached skill level 12 in Long Blades
 21207 | Lair:3   | Found a staircase to the Shoals.
 22118 | Lair:4   | Received a gift from Okawaru
 22118 | Lair:4   | Found the +3 pair of seven-league boots {Rampage+∞}
 22277 | Lair:4   | Found a runed translucent door.
 22277 | Lair:4   | Found a viscous altar of Jiyva.
 22277 | Lair:4   | Found a staircase to the Slime Pits.
 22277 | Lair:4   | Noticed an acid blob
 22277 | Lair:4   | Noticed an acid blob
 22277 | Lair:4   | Noticed an acid blob
 22639 | Lair:5   | Entered Level 5 of the Lair of Beasts
 23485 | Lair:5   | Reached skill level 13 in Long Blades
 24300 | Lair:5   | Reached XP level 15. HP: 109/123 MP: 19/21
 24374 | Lair:5   | Received a gift from Okawaru
 24921 | Lair:4   | Reached skill level 14 in Long Blades
 26270 | Lair:5   | Identified the +1 battleaxe of Demand {heavy, rF+ rC+++
                  | rN++ Will-}
 26633 | Orc:1    | Entered Level 1 of the Orcish Mines
 26650 | Orc:1    | Found a transporter.
 26650 | Orc:1    | Noticed Xaih's ghost (journeyman MiFi)
 26674 | Orc:1    | Found a transporter.
 26776 | Orc:1    | Found a burning altar of Makhleb.
 26776 | Orc:1    | Noticed Josephine
 26779 | Orc:1    | Found a transporter.
 26780 | Orc:1    | Noticed an orc warlord
 26791 | Orc:1    | Killed Josephine
 26793 | Orc:1    | Found an ornate altar of the Wu Jian Council.
 27199 | Orc:1    | Found a transporter.
 27214 | Orc:1    | Found a transporter.
 27216 | Orc:1    | Found an ornate altar of the Wu Jian Council.
 27217 | Orc:1    | Found a transporter.
 27407 | Orc:1    | Received a gift from Okawaru
 27527 | Orc:1    | HP: 5/122 [orc knight/+7 great sword (23)]
 27829 | Orc:1    | Killed an orc warlord
 27945 | Orc:2    | Entered Level 2 of the Orcish Mines
 27955 | Orc:2    | Found a staircase to the Elven Halls.
 28138 | Orc:2    | Reached skill level 15 in Long Blades
 28296 | Orc:2    | Noticed Saint Roka
 29681 | Orc:2    | Found Ysalie's Antique Armour Emporium.
 30022 | Orc:2    | Found Tontit's General Store.
 30046 | Orc:2    | Killed Saint Roka
 30046 | Orc:2    | Received a gift from Okawaru
 30047 | Orc:2    | Reached XP level 16. HP: 32/134 MP: 4/22
 30292 | Orc:2    | Found Ytenokk's Antique Weapon Emporium.
 30333 | Orc:2    | Bought an ancient dagger for 140 gold pieces
 30333 | Orc:2    | Identified the +5 dagger of Satyriasis {venom, rCorr} (You
                  | bought it in a shop on level 2 of the Orcish Mines)
 30351 | Orc:2    | Bought a scroll of identify for 28 gold pieces
 30382 | Orc:2    | Found Sicsas's Jewellery Emporium.
 30669 | D:13     | Noticed Snorg
 30675 | D:13     | Killed Snorg
 30676 | D:13     | Reached skill level 16 in Long Blades
 30923 | D:13     | Found a portal to a secret trove of treasure.
 31088 | D:13     | Noticed Urug
 31097 | D:13     | Killed Urug
 31428 | D:13     | Found a gate to the Vaults.
 31468 | D:13     | Reached skill level 17 in Long Blades
 31471 | D:13     | Received a gift from Okawaru
 32191 | D:14     | Noticed Frances
 32209 | D:14     | Killed Frances
 33404 | D:15     | Entered Level 15 of the Dungeon
 33437 | D:15     | Reached skill level 18 in Long Blades
 33441 | D:15     | Received a gift from Okawaru
 33467 | D:15     | Received a gift from Okawaru
 34593 | D:15     | Reached XP level 17. HP: 132/140 MP: 20/23
 34872 | D:14     | Reached skill level 19 in Long Blades
 34982 | D:15     | Found a shimmering blue altar of Sif Muna.
 35274 | D:15     | Found a staircase to the Depths.
 35579 | Snake:1  | Entered Level 1 of the Snake Pit
 35579 | Snake:1  | Found a bloodstained altar of Trog.
 35606 | Snake:1  | Noticed Jorgrun
 35613 | Snake:1  | Killed Jorgrun
 36894 | Snake:2  | Noticed Aizul
 36910 | Snake:2  | Killed Aizul
 37236 | Snake:2  | Reached skill level 20 in Long Blades
 37866 | Snake:2  | Found Bozojuo's Jewellery Emporium.
 37867 | Snake:2  | Found Ufaexos's Book Boutique.
 37868 | Snake:2  | Found Plog's Jewellery Emporium.
 37880 | Snake:2  | Identified the +0 robe of the Original Sin {rCorr} (Okawaru
                  | gifted it to you on level 2 of the Snake Pit)
 37880 | Snake:2  | Received a gift from Okawaru
 38942 | Snake:3  | HP: 5/140 [anaconda[a naga ritualist] (4)]
 38943 | Snake:3  | HP: 2/140 [anaconda[a naga ritualist] (3)]
 38943 | Snake:3  | Mangled by a mana viper

Illustrated notes

Levels and vault maps discovered:
D:1:      elethiomel_arrival_quiet, layout_basic
D:2:      layout_loops_ring, uniq_crazy_yiuf_cottage, uniq_robin, uniq_jessica
D:3:      layout_rooms, gammafunk_temple_overflow_elements
D:4:      layout_gridville, serial_shops, nicolae_square_shop, shop
D:5:      layout_loops_cross, chequers_serial_rivers_room_b, uniq_grinder
D:6:      layout_cave_pools, minmay_temple_entry_statues_fountains,
          serial_shops, nicolae_stop_n_shop_2, chequers_serial_rivers_marsh,
          uniq_blork_the_orc
D:7:      layout_basic, chequers_temple_overflow_minitemple, grunt_ministairs_7,
          nicolae_benzene_ring, kennysheep_minor_cross, eino_curves_03
D:8:      layout_loops_ring, chei_slow_surprise, erik_lair_island, serial_shops,
          nicolae_shop_bloodbath_and_beyond, enter_bailey_3
D:9:      layout_long_grid, trog_butcher_becter,
          nicolae_transporter_intersection
D:10:     layout_grid_maze, nicolae_uskayaw_murder_on_the_dancefloor,
          minmay_strange_pillars
D:11:     layout_rooms, zombieorc1_lemuel, serial_glass, glass_columns_c,
          glass_columns_a, uniq_maurice
D:12:     layout_irregular_city, uniq_rupert
D:13:     layout_irregular_city, grunt_vaults_entry_tiered,
          nicolae_trove_entry_isolated, uniq_urug, uniq_snorg
D:14:     layout_irregular_city, serial_park_square1
          [serial_park_minivault_5x5_5], uniq_frances
D:15:     gammafunk_enter_depths_forms, layout_basic, fountainhead,
          lemuel_blue_sif_altar
Temple:   nicolae_temple_god_jail
Lair:1:   layout_cave_pods, serial_bayou, serial_bayou_pond_e,
          serial_bayou_ford_a, serial_bayou_lagoon_a, serial_bayou_shore_a,
          serial_bayou_crossing, serial_bayou_shore_b
Lair:2:   layout_cave_pods, nicolae_snake_entry_warm_welcome, basic_altar,
          st_stairs_8
Lair:3:   regret_index_wax_grids, layout_regular_city, minmay_shoals_entry_hut,
          uniq_sonja, uniq_nergalle, uniq_kirke
Lair:4:   layout_cave_pods, slime_entry_2
Lair:5:   guppyfry_lair_end_dragon, layout_regular_city,
          hangedman_lair_caniforms_friends, columned_hall_lemuel,
          serial_bayou_lagoon_b, lemuel_fruit_tree
Snake:1:  layout_basic, basic_altar, uniq_asterion, uniq_jorgrun
Snake:2:  layout_chambers, minmay_shop_grove, grunt_megastairs_5, uniq_aizul
Snake:3:  layout_cave_pods, nicolae_snake_squiggles, grunt_megastairs_3,
          minmay_shop_star, uniq_vashnia
Orc:1:    dreamdust_wu_jian_sword_trials, layout_caves, basic_altar,
          gammafunk_ghost_arena, uniq_josephine
Orc:2:    grunt_orc_cross, layout_caves, basic_altar

Skill      XL: |  1  2  3  4  5  6  7  8  9 10 11 12 13 14 15 16 17 |
---------------+----------------------------------------------------+-----
Short Blades   | 3 4 6 7 8 10 | 10.0
Dodging        | 2 4 7 |  7.0
Armour         | 2 4 8 10 12 | 12.1
Fighting       | 5 9 10 13 14 | 14.8
Invocations    | 3 4 5 7 8 |  8.2
Long Blades    | 4 8 11 13 15 18 20 | 20.6
Throwing       | |  2.0
Stealth        | |  4.8

Action                   |  1- 3 |  4- 6 |  7- 9 | 10-12 | 13-15 | 16-18 || total
-------------------------+-------+-------+-------+-------+-------+-------++-------
Melee: Dagger            |    86 |   215 |   309 |   619 |   342 |       ||  1571
       Punch             |     2 |     3 |     5 |    28 |    34 |     8 ||    80
       Short sword       |       |       |       |   150 |     8 |       ||   158
       Scimitar          |       |       |       |   130 |  1385 |       ||  1515
       Long sword        |       |       |       |   120 |    16 |       ||   136
       Great sword       |       |       |       |       |   173 |   290 ||   463
       Triple sword      |       |       |       |       |       |   396 ||   396
Throw: Dart              |       |     5 |    34 |    38 |     6 |       ||    83
       Boomerang         |       |       |    16 |       |       |       ||    16
       Throwing net      |       |       |       |     1 |       |       ||     1
Invok: Heroism           |       |       |       |     3 |     9 |     3 ||    15
 Abil: Shaft Self        |       |     1 |       |       |       |       ||     1
       Dig               |       |       |       |     4 |     1 |     1 ||     6
Evoke: Wand              |       |       |     6 |     1 |    21 |       ||    28
  Use: Scroll            |       |     3 |     4 |     6 |    10 |     4 ||    27
       Potion            |       |     1 |       |     1 |     3 |     1 ||     6
 Stab: Sleeping          |     9 |       |       |       |       |       ||     9
       Distracted        |     1 |       |       |       |       |       ||     1
       Held in net/web   |       |       |       |     1 |       |       ||     1
       Invisible         |       |       |       |     1 |    24 |       ||    25
Armor: Robe              |     5 |       |       |       |       |       ||     5
       Chain mail        |    23 |    92 |   127 |   392 |  1170 |   381 ||  2185
Dodge: Dodged            |    23 |    93 |   117 |   464 |  1260 |   397 ||  2354

Table legend: (Time is in decaauts)
 A = Elapsed time spent in this place.
 B = Non-inter-level travel time spent in this place.
 C = Inter-level travel time spent in this place.
 D = Time resting spent in this place.
 E = Time spent auto-exploring this place.
 F = Levels seen in this place.
 G = Mean time per level.
                   A        B        C        D        E       F      G
               +--------+--------+--------+--------+--------+-----+--------+
         Total |  37688 |  35631 |   2057 |   3931 |  23411 |  27 | 1395.9 |
       Dungeon |  20179 |  18998 |   1181 |   1329 |  13291 |  15 | 1345.3 |
        Temple |     45 |     35 |     10 |      0 |     19 |   1 |   45.0 |
          Lair |   9713 |   9251 |    462 |   1022 |   5970 |   5 | 1942.6 |
     Snake Pit |   3316 |   3186 |    130 |    230 |   2541 |   3 | 1105.3 |
  Orcish Mines |   3877 |   3605 |    272 |   1049 |   1568 |   2 | 1938.5 |
        Bailey |    556 |    556 |      0 |    300 |     22 |   1 |  556.0 |
               +--------+--------+--------+--------+--------+-----+--------+

Top non-repeatable levels by time:
  Lair:5: 2874 daAuts
   Orc:1: 2499 daAuts
     D:7: 2320 daAuts
 Snake:2: 2265 daAuts
    D:14: 1939 daAuts
  Lair:3: 1815 daAuts
     D:8: 1812 daAuts
  Lair:4: 1799 daAuts
  Lair:2: 1756 daAuts
    D:12: 1745 daAuts
  Lair:1: 1467 daAuts
    D:15: 1455 daAuts
   Orc:2: 1377 daAuts
    D:11: 1305 daAuts
    D:10: 1265 daAuts
